 Dungeon Crawl Stone Soup version 0.31-a0-876-gfe8ebadbca (webtiles) character file.

Game seed: 17626809272796180117

104 Azuregosa the Covert (level 4, 0/31 HPs)
             Began as an Octopode Delver on Oct 13, 2023.
             Was an Initiate of Gozag.
             Succumbed to an adder's poison
             ... on level 4 of the Dungeon.
             The game lasted 00:06:44 (2308 turns).

Azuregosa the Covert (Octopode Delver)              Turns: 2308, Time: 00:06:45

Health: 0/31       AC:  1    Str: 11    XL:     4   Next: 80%
Magic:  4/4        EV: 13    Int: 14    God:    Gozag
Gold:   422        SH:  0    Dex: 13    Spells: 4/4 levels left

rFire   + .          .
                       - Unarmed
rCold   . . .        (no shield)
rNeg    . . .        (helmet restricted)
rPois   .            (no amulet)
rElec   .            h - ring of willpower
rCorr   .            r - ring of protection from fire
SInv    .            (no ring)
Will    +....        (no ring)
Stlth   +++++        (no ring)
HPRegen 0.25/turn    (no ring)
MPRegen 0.09/turn    (no ring)
                     (no ring)

%: no passive effects
@: lethally poisoned (0 -> -6), gold aura
A: almost no armour, amphibious, 8 rings, camouflage 1, gelatinous body 1,
(nimble swimmer 1), tentacles
a: Renounce Religion, Potion Petition, Call Merchant, Bribe Branch


You were on level 4 of the Dungeon.
You worshipped Gozag.
Gozag was aware of your devotion.
You visited 2 branches of the dungeon, and saw 6 of its levels.

You collected 433 gold pieces.
You paid 11 gold pieces to Gozag.

Inventory:

Hand Weapons
 b - a +0 quarterstaff
Missiles
 f - 4 poisoned darts
Jewellery
 h - a ring of willpower (left tentacle)
 r - a ring of protection from fire (right tentacle)
 x - a ring of resist corrosion
Wands
 e - a wand of digging (3)
Scrolls
 a - a scroll of fog
 k - a scroll of revelation
 l - a scroll of amnesia {unknown}
 m - 3 scrolls of identify {unknown}
 o - a scroll of teleportation {unknown}
 u - a scroll of butterflies {unknown}
 v - a scroll of enchant armour {unknown}
 w - a scroll of vulnerability {unknown}
Potions
 d - 3 potions of haste
 g - a potion of attraction {unknown}
 i - 2 potions of resistance {unknown}
 j - a potion of ambrosia {unknown}
 n - 2 potions of brilliance {unknown}
 p - a potion of curing {unknown}
 q - a potion of invisibility {unknown}
 s - a potion of cancellation {unknown}
 t - a potion of heal wounds {unknown}


   Skills:
 - Level 3.0 Fighting
 - Level 2.0 Dodging
 - Level 9.1 Stealth
 - Level 2.0 Unarmed Combat
 + Level 0.5 Spellcasting


You had 4 spell levels left.
You didn't know any spells.
Your spell library contained the following spells:

 Spells                   Type           Power      Damage    Failure   Level
 Volatile Blastmotes      Fire/Tloc      0%         2d10      63%         3
 Fulminant Prism          Conj/Hex       0%         3d5       95%         4
 Iskenderun's Mystic Bla  Conj/Tloc      0%         2d3       95%         4


Dungeon Overview and Level Annotations

Branches:
Dungeon (5/15)             Temple (1/1) D:5

Altars:
Cheibriados
Fedhas
Gozag
Kikubaaqudgha
Makhleb
Nemelex Xobeh
Okawaru
Sif Muna
Trog
Uskayaw
Vehumet
Wu Jian
Xom
Yredelemnul
Zin
The Shining One


Innate Abilities, Weirdness & Mutations

You cannot wear most types of armour.
You are amphibious.
You can wear up to eight rings at the same time.
Your skin changes colour to match your surroundings (Stealth+).
Your rubbery body absorbs attacks. (AC +1, EV +1)
((You are camouflaged when in or above water. (Stealth+)))
You have tentacles for arms and can constrict up to eight enemies at once.


Message History

You tentacle-slap the adder. Your grab misses the adder.
Your squeeze misses the adder.
The adder is lightly wounded.
The gnoll is distracted by your dazzling golden aura.
The adder bites you.
The gnoll is distracted by your dazzling golden aura.
The gnoll shouts!
You tentacle-slap the adder. You grab the adder.
The adder is moderately wounded.
You constrict the adder.
The gnoll is no longer distracted by gold.
The adder misses you.
You tentacle-slap the adder.
The adder is heavily wounded.
You constrict the adder.
The gnoll is no longer distracted by gold.
The adder bites you.
You are poisoned.
The adder poisons you! The adder bites you.
You are more poisoned.
The adder poisons you!
As you read the scroll of fear, it crumbles to dust.
You assume a fearsome visage.
The gnoll looks frightened! x4
The adder looks frightened!
You constrict the adder.
You feel very sick.
You release your grip on the adder.
You feel sick.
Cornered, the adder turns to fight!
You feel sick.
The gnoll is no longer distracted by gold.
The adder attacks as it pursues you! The adder closely misses you.
You feel sick. The adder attacks as it pursues you! The adder bites you.
* * * LOW HITPOINT WARNING * * *
You are lethally poisoned!
The adder poisons you! The adder misses you.
* * * LOW HITPOINT WARNING * * *
You feel very sick.
* * * LOW HITPOINT WARNING * * *
You feel sick. The adder attacks as it pursues you! The adder misses you.
You die...
Your body crumbles into a pile of gold.

. #.... # ####.#.# ......#
#....# # ....# ...###..#
#......#########################
#....g..$....S.@................
###....#########################
.....#..# #.. ........# ####..
##.....:. #..... ...####.#
#.##.. .# #.# #.##.. #.# #.####
#.# #


You could see an adder.

Vanquished Creatures
  A gnoll bouda (D:4)
  An adder (D:3)
  2 worms (D:2)
  5 dart slugs
  An orc (D:4)
  10 ball pythons
  2 bats
  5 endoplasms
  2 giant cockroaches
  4 goblins
  3 hobgoblins
  2 jackals (D:2)
  2 quokkas
  5 kobolds
  A rat (D:2)
46 creatures vanquished.

Notes
Turn   | Place    | Note
-------+----------+-------------------------------------------
     0 | D:5      | Azuregosa the Octopode Delver began the quest for the Orb.
     0 | D:5      | Reached XP level 1. HP: 16/16 MP: 1/1
    21 | D:5      | Found a staircase to the Ecumenical Temple.
    60 | Temple   | Entered the Ecumenical Temple
    64 | Temple   | Became a worshipper of Gozag Ym Sagoz the Greedy
   112 | D:4      | Found a large runed translucent door.
   114 | D:4      | Found a large runed translucent door.
   323 | D:2      | Reached skill level 7 in Stealth
   381 | D:2      | Reached XP level 2. HP: 16/21 MP: 2/2
   539 | D:1      | Reached XP level 3. HP: 13/26 MP: 3/3
   816 | D:2      | Reached skill level 8 in Stealth
  1692 | D:3      | Reached XP level 4. HP: 31/31 MP: 4/4
  2019 | D:4      | Reached skill level 9 in Stealth
  2308 | D:4      | Succumbed to an adder's poison

Illustrated notes

Levels and vault maps discovered:
D:1:      minmay_arrival_split_and_join, layout_basic
D:2:      layout_rooms, chequers_serial_rivers_large_a
D:3:      layout_loops_ring, gammafunk_temple_overflow_forgotten,
          hellmonk_ecumenical_altar_slurped_away, minmay_misc_feat_four_crosses,
          minmay_liquid_box, hex_large, chequers_serial_rivers_small_3,
          minmay_misc_feat_x, minmay_misc_feat_ornament
D:4:      layout_loops_ring, jmf_multi_god_temple2, hangedman_decor_points,
          kennysheep_generic_room_16, uniq_duvessa
D:5:      layout_cave_pods, minmay_temple_entry_purple_smoke
Temple:   nicolae_temple_x_marks_the_god

Skill      XL: |  1  2  3  4 |
---------------+-------------+-----
Stealth        | 7 8 9 |  9.1
Fighting       | |  3.0
Dodging        | |  2.0
Unarmed Combat | |  2.0
Spellcasting   | |  0.5

Action                     |  1- 3 |  4- 6 || total
---------------------------+-------+-------++-------
  Melee: Unarmed           |    79 |    35 ||   114
         Tentacles         |    15 |     8 ||    23
         Constrict         |    21 |     7 ||    28
         Punch             |     4 |       ||     4
    Use: Scroll            |     1 |     1 ||     2
   Stab: Sleeping          |    14 |     5 ||    19
 Armour: Skin              |    25 |    15 ||    40
  Dodge: Dodged            |    35 |    17 ||    52

Table legend: (Time is in decaauts)
 A = Elapsed time spent in this place.
 B = Non-inter-level travel time spent in this place.
 C = Inter-level travel time spent in this place.
 D = Time resting spent in this place.
 E = Time spent auto-exploring this place.
 F = Levels seen in this place.
 G = Mean time per level.
                   A        B        C        D        E       F      G
               +--------+--------+--------+--------+--------+-----+--------+
         Total |   2303 |   2231 |     72 |    188 |   1210 |   6 |  383.8 |
       Dungeon |   2294 |   2222 |     72 |    188 |   1210 |   5 |  458.8 |
        Temple |      8 |      8 |      0 |      0 |      0 |   1 |    8.0 |
               +--------+--------+--------+--------+--------+-----+--------+

Top non-repeatable levels by time:
     D:1: 865 daAuts
     D:2: 695 daAuts
     D:4: 453 daAuts
     D:3: 183 daAuts
     D:5: 96 daAuts
  Temple: 8 daAuts
